 Dungeon Crawl Stone Soup version 0.28-a0-819-g6ef7baa362 (webtiles) character file.

Game seed: 9841671780932100235

52 demibob the Sneak (level 4, 0/26 HPs)
             Began as a Kobold Brigand on Nov 9, 2021.
             Succumbed to an adder's poison
             ... on level 2 of the Dungeon.
             The game lasted 00:01:54 (1226 turns).

demibob the Sneak (Kobold Brigand)                  Turns: 1226, Time: 00:01:55

Health: 0/26       AC:  3    Str:  8    XL:     4   Next: 8%
Magic:  4/4        EV: 14    Int: 12    God:
Gold:   49         SH:  0    Dex: 17    Spells: 3/3 levels left

rFire   . . .      SeeInvis .   s - +2 dagger
rCold   . . .      Faith    .   (shield restricted)
rNeg    . . .      Spirit   .   b - +1 robe
rPois   .          Reflect  .   (no helmet)
rElec   .          Harm     .   g - scarf {+Inv}
rCorr   .          Rampage  .   (no gloves)
Will    .....                   (no boots)
Stlth   ++++......              (no amulet)
HPRegen 0.08/turn               (no ring)
MPRegen 0.09/turn               (no ring)

@: lethally poisoned (0 -> -1)
A: small, no large weapons, nightstalker 3
a: Evoke Invisibility


You were on level 2 of the Dungeon.
You visited 1 branch of the dungeon, and saw 2 of its levels.

You collected 49 gold pieces.


Innate Abilities, Weirdness & Mutations

You are small and have problems with some larger weapons.
You are completely attuned to the shadows.


   Skills:
 - Level 2.1 Fighting
 + Level 3.7 Short Blades
 - Level 2.3 Throwing
 - Level 1.2 Dodging
 - Level 5.3 Stealth
 * Level 3.0 Evocations


You had 3 spell levels left.
You didn't know any spells.
Your spell library was empty.

Inventory:

Hand Weapons
 s - a +2 dagger (weapon)
Missiles
 d - 8 poisoned darts (quivered)
 e - 2 curare-tipped darts {=f}
Armour
 b - a +1 robe (worn)
 c - a +0 cloak
 g - a scarf of invisibility (worn)
Scrolls
 a - a scroll of identify {@r1}
 f - a scroll of teleportation {@r2}

Dungeon Overview and Level Annotations

Branches:
Dungeon (2/15)

Altars:

.....#........#
#.####.#.#
###..#.....##...
#......#.# ..
..> .... #...
########.## ..
.. #.......# ..
#.####..# ##
#.####..#
#######.##....#
#.....#.##.##.#
#@###.#.......#
#.###.####.####
..#.†......#
#..#.#.######
#..#.#.# . ..#
.###


There were no monsters in sight!


Message History

The adder is almost dead.
The adder bites you.
* * * LOW HITPOINT WARNING * * *
You are poisoned.
The adder poisons you! The adder bites you.
* * * LOW HITPOINT WARNING * * *
You aren't carrying any potions.
Unknown command.
You aren't carrying any potions.
You hit the adder.
You kill the adder!
* * * LOW HITPOINT WARNING * * *
You feel sick.
Your Evocations skill increases to level 3!
You have reached level 4!
There is a lethal amount of poison in your body!
Unknown command.
You aren't carrying any potions.
Okay, then.
* * * LOW HITPOINT WARNING * * *
You feel sick.
* * * LOW HITPOINT WARNING * * *
You feel sick.
* * * LOW HITPOINT WARNING * * *
You feel sick.
* * * LOW HITPOINT WARNING * * *
You feel sick.
* * * LOW HITPOINT WARNING * * *
You feel sick.
You die...

Skill      XL: |  1  2  3 |
---------------+----------+-----
Short Blades   | 3 |  3.7
Evocations     | 2 3 |  3.0
Fighting       | |  2.1
Throwing       | |  2.3
Dodging        | |  1.2
Stealth        | |  5.3

Action                   |  1- 3 |  4- 6 || total
-------------------------+-------+-------++-------
Melee: Dagger            |    62 |       ||    62
  Use: Scroll            |     2 |       ||     2
 Stab: Sleeping          |    13 |       ||    13
Armor: Robe              |     9 |       ||     9
Dodge: Dodged            |    20 |       ||    20

Levels and vault maps discovered:
D:1:      lemuel_arrival_river_ford, layout_loops_cross, palyth_stone_intersect,
          wad_woods_river_04, minmay_shallow_snake_nest
D:2:      layout_loops_cross, hex_tiny

Notes
Turn   | Place    | Note
-------+----------+-------------------------------------------
     0 | D:1      | demibob the Kobold Brigand began the quest for the Orb.
     0 | D:1      | Reached XP level 1. HP: 12/12 MP: 1/1
   461 | D:1      | Reached skill level 3 in Short Blades
   461 | D:1      | Reached XP level 2. HP: 17/17 MP: 2/2
   481 | D:1      | Reached skill level 1 in Evocations
   868 | D:2      | Reached skill level 2 in Evocations
   960 | D:2      | Reached XP level 3. HP: 21/21 MP: 3/3
  1221 | D:2      | Reached skill level 3 in Evocations
  1221 | D:2      | Reached XP level 4. HP: 5/26 MP: 4/4
  1224 | D:2      | HP: 2/26 [poisoned by an adder]
  1226 | D:2      | Succumbed to an adder's poison

Vanquished Creatures
  2 adders (D:2)
  4 dart slugs
  3 ball pythons (D:1)
  2 giant cockroaches (D:2)
  4 goblins (D:2)
  2 hobgoblins
  2 kobolds
  2 bats
  2 frilled lizards (D:1)
  2 rats (D:2)
25 creatures vanquished.

Table legend: (Time is in decaauts)
 A = Elapsed time spent in this place.
 B = Non-inter-level travel time spent in this place.
 C = Inter-level travel time spent in this place.
 D = Time resting spent in this place.
 E = Time spent auto-exploring this place.
 F = Levels seen in this place.
 G = Mean time per level.
                   A        B        C        D        E       F      G
               +--------+--------+--------+--------+--------+-----+--------+
         Total |   1221 |   1214 |      7 |      0 |   1057 |   2 |  610.5 |
       Dungeon |   1221 |   1214 |      7 |      0 |   1057 |   2 |  610.5 |
               +--------+--------+--------+--------+--------+-----+--------+

Top non-repeatable levels by time:
     D:1: 832 daAuts
     D:2: 388 daAuts

Table legend:
 A = Non-vault XP
 B = Vault XP
 C = Vault XP percentage of total XP
 D = Non-vault monster count
 E = Vault monster count
 F = Vault count percentage of total count
                 A         B        C        D         E       F
            +---------+---------+-------+---------+---------+-------
      Total |      71 |       4 |   5.3 |      23 |       2 |   8.0
            +---------+---------+-------+---------+---------+-------
        D:1 |      13 |       4 |  23.5 |       7 |       2 |  22.2
        D:2 |      58 |       0 |   0.0 |      16 |       0 |   0.0
            +---------+---------+-------+---------+---------+-------
